 Dungeon Crawl Stone Soup version 0.23-b1-6-ga921848b48 (webtiles) character file.

Game seed: 15277454380230447135

9608 Kohma the Carver (level 11, -9/87 HPs)
             Began as a Formicid Fighter on Feb 2, 2019.
             Was a Priest of Nemelex Xobeh.
             Mangled by an orc warrior
             ... wielding a +0 war axe
              (18 damage)
             ... in a bailey.
             The game lasted 00:34:57 (8690 turns).

Kohma the Carver (Formicid Fighter)                 Turns: 8690, Time: 00:34:58

Health: -9/87      AC: 13    Str: 22    XL:     11   Next: 77%
Magic:  17/17      EV:  7    Int:  8    God:    Nemelex Xobeh [***...]
Gold:   236        SH: 13    Dex: 12    Spells: 10/10 levels left

rFire    . . .     SeeInvis +   a - +5 long sword (freeze)
rCold    + . .     Gourm    .   c - +1 shield
rNeg     . . .     Faith    .   n - +1 chain mail {rPois}
rPois    +         Spirit   .   (helmet unavailable)
rElec    .         Reflect  .   r - +2 cloak {rPois}
rCorr    +         Harm     .   (no gloves)
MR       +....                  (no boots)
Stlth    ..........             m - amulet of regeneration
HPRegen  0.64/turn              e - ring of protection from cold
MPRegen  0.15/turn              y - ring of resist corrosion

@: no status effects
A: permanent stasis, dig shafts and tunnels, four strong arms, antennae 3
a: Dig, Shaft Self, Draw Escape, Draw Destruction, Draw Summoning, Triple Draw,
Renounce Religion


You were in a bailey.
You worshipped Nemelex Xobeh.
Nemelex Xobeh was most pleased with you.
You were not hungry.

You visited 2 branches of the dungeon, and saw 11 of its levels.
You also visited: Bailey.

You collected 654 gold pieces.
You spent 418 gold pieces at shops.

Inventory:

Hand Weapons
 a - a +5 long sword of freezing (weapon)
Missiles
 k - a throwing net (quivered)
 t - 7 tomahawks
Armour
 c - a +1 shield (worn)
 n - a +1 chain mail of poison resistance (worn)
 o - a scarf of cloud immunity
 r - a +2 cloak of poison resistance (worn)
Jewellery
 e - a ring of protection from cold (left hand)
 m - an amulet of regeneration (around neck)
 y - a ring of resist corrosion (right hand)
Wands
 v - a wand of iceblast (4)
 w - a wand of paralysis (5)
Scrolls
 q - 4 scrolls of enchant armour
 s - 5 scrolls of remove curse
 x - 4 scrolls of magic mapping
Potions
 b - 2 potions of haste {unknown}
 d - 3 potions of might
 g - a potion of brilliance {unknown}
 h - 3 potions of flight {unknown}
 j - 4 potions of ambrosia
 l - 6 potions of curing
 p - 3 potions of heal wounds
 u - 4 potions of mutation
 z - a potion of lignification {unknown}
Comestibles
 f - 14 rations
 i - 9 chunks of flesh


   Skills:
 + Level 8.8 Fighting
 * Level 12.1 Long Blades
 - Level 3.2 Armour
 - Level 9.6 Shields
 + Level 9.0 Invocations


You had 10 spell levels left.
You didn't know any spells.
Your spell library was empty.

Dungeon Overview and Level Annotations

Branches:
Dungeon (10/15)            Temple (1/1) D:5            Lair (0/6) D:9
    Orc (0/2) D:9

Altars:
Ashenzari
Cheibriados
Dithmenos
Elyvilon
Fedhas
Gozag
Hepliaklqana
Kikubaaqudgha
Makhleb
Nemelex Xobeh
Okawaru
Qazlal
Ru
Sif Muna
Trog
Uskayaw
Vehumet
Wu Jian
Xom
Yredelemnul
Zin
The Shining One
Beogh

Shops:
D:4 }!%   D:7 (   D:8 *


Innate Abilities, Weirdness & Mutations

You cannot be hasted, slowed, berserked, paralysed or teleported.
You can dig through walls and to a lower floor.
Your four strong arms can wield two-handed weapons with a shield.
You have a pair of large antennae on your head. (SInv)


Message History

Your yaktaur completely misses the hobgoblin.
Your yaktaur wields a +0 arbalest.
Your yaktaur shoots a bolt.
The bolt closely misses the orc knight.
The bolt hits the hobgoblin!!
The hobgoblin dies!
The bolt disappears in a puff of smoke!
You hear a shout!
You slash the orc knight! You freeze the orc knight.
The orc knight is moderately wounded.
The orc knight hits you with a +0 war axe!!
* * * LOW HITPOINT WARNING * * *
The orc knight hits your yaktaur but does no damage.
The orc knight hits your yaktaur with a +0 war axe!!
Your yaktaur dies!
Your yaktaur's corpse disappears in a puff of smoke!
You barely miss the orc knight.
The orc knight is moderately wounded.
The orc warrior hits you with a +0 war axe!!
You die...
Your body glows slightly and disappears.

##.## #...
..8.{ .o. {
##g## #.gg#
#.oo# #.c@#
######'######
#....≈(≈K...#
#'###≈(≈###+#
#...K≈(≈(...#
#'###≈(≈###+#
#...K≈(≈(...#
#'###≈(≈###+#
#...(≈(≈K...#


You could see an orc knight, 2 orc warriors, 2 hobgoblins, a goblin, 2 kobolds
and a friendly yaktaur.

Vanquished Creatures
  Harold (D:8)
  3 death yaks (D:8)
  Pikel (D:6)
  An orc knight (Bailey)
  A deep elf mage (D:7)
  A troll (D:9)
  A hornet (D:9)
  8 yaks (D:9)
  Grum (D:9)
  2 hungry ghosts
  2 sky beasts
  A black bear (D:6)
  A slave (D:6)
  A necrophage (D:7)
  2 ice beasts
  4 ogres
  2 orc warriors (D:9)
  A phantom (D:3)
  4 wolves (D:9)
  A crocodile (D:8)
  2 centaurs
  A big kobold (D:10)
  Blork the orc (D:5)
  2 bullfrogs
  3 scorpions
  A killer bee (D:6)
  5 wights (D:8)
  4 howler monkeys
  4 crimson imps
  A bullfrog zombie (D:5)
  A bullfrog skeleton (D:9)
  A gnoll shaman (D:9)
  3 hounds
  6 orc priests
  A jelly (D:3)
  3 orc wizards
  3 iguanas
  5 worker ants
  A howler monkey zombie (D:5)
  11 gnolls
  A howler monkey skeleton (D:4)
  7 adders
  5 shadow imps
  5 oozes
  4 adder skeletons
  3 worms (D:4)
  3 dart slugs
  6 leopard geckos
  29 orcs
  8 bats
  6 giant cockroaches
  10 hobgoblins
  19 jackals
  2 quokkas
  2 ball pythons
  10 frilled lizards
  8 goblins
  A jackal skeleton (D:3)
  6 kobolds
  A leopard gecko skeleton (D:7)
  A quokka skeleton (D:6)
  10 rats
245 creatures vanquished.

Vanquished Creatures (collateral kills)
  An orc knight (Bailey)
  Duvessa (D:6)
  An orc warrior (Bailey)
  Crazy Yiuf (D:5)
  2 orcs (Bailey)
  A goblin (Bailey)
  2 hobgoblins (Bailey)
  12 kobolds (Bailey)
21 creatures vanquished.

Vanquished Creatures (others)
  4 goblins (D:10)
4 creatures vanquished.

Grand Total: 270 creatures vanquished

Notes
Turn   | Place    | Note
-------+----------+-------------------------------------------
     0 | D:1      | Kohma the Formicid Fighter began the quest for the Orb.
     0 | D:1      | Reached XP level 1. HP: 18/18 MP: 1/1
    70 | D:1      | Reached XP level 2. HP: 20/24 MP: 2/2
   351 | D:1      | Reached XP level 3. HP: 26/29 MP: 3/3
  1022 | D:2      | Reached XP level 4. HP: 37/37 MP: 4/4
  1065 | D:2      | Reached skill level 3 in Long Blades
  1405 | D:2      | Found a sacrificial altar of Ru.
  1405 | D:2      | Found an opulent altar of Gozag.
  1502 | D:3      | Reached skill level 5 in Shields
  1505 | D:3      | Reached XP level 5. HP: 30/42 MP: 5/5
  1619 | D:3      | Noticed a phantom
  1622 | D:3      | Found a transporter.
  1622 | D:3      | Found a transporter.
  1636 | D:3      | Found a basalt altar of Yredelemnul.
  1749 | D:3      | Killed a phantom
  1749 | D:3      | Reached skill level 4 in Long Blades
  1749 | D:3      | Reached XP level 6. HP: 21/48 MP: 6/6
  1947 | D:3      | Noticed a hungry ghost
  1971 | D:3      | Killed a hungry ghost
  1992 | D:3      | Reached XP level 7. HP: 33/55 MP: 7/7
  2488 | D:3      | Found a burning altar of Makhleb.
  2499 | D:3      | Reached skill level 5 in Long Blades
  2667 | D:4      | Found a glowing golden altar of the Shining One.
  2725 | D:4      | Found a shattered altar of Ashenzari.
  2781 | D:4      | Reached skill level 5 in Fighting
  2884 | D:4      | Found Riyr's Gadget Emporium.
  2898 | D:4      | Reached XP level 8. HP: 49/62 MP: 8/8
  2927 | D:4      | Found Ballai's Distillery.
  2931 | D:4      | Bought a potion of curing for 42 gold pieces
  2931 | D:4      | Bought a potion of heal wounds for 70 gold pieces
  2931 | D:4      | Bought a potion of curing for 42 gold pieces
  2941 | D:4      | Found a glowing silver altar of Zin.
  3004 | D:4      | Found a hide-covered altar of Uskayaw.
  3138 | D:4      | Found Pamext's Food Shoppe.
  3701 | D:5      | Entered Level 5 of the Dungeon
  3708 | D:5      | Reached skill level 6 in Long Blades
  3889 | D:5      | Found a staircase to the Ecumenical Temple.
  3889 | D:5      | Noticed Blork the orc
  3909 | D:5      | Killed Blork the orc
  3959 | Temple   | Entered the Ecumenical Temple
  4081 | Temple   | Became a worshipper of Nemelex Xobeh the Trickster
  4252 | D:5      | Reached skill level 1 in Invocations
  4356 | D:5      | Received a gift from Nemelex Xobeh
  4623 | D:5      | Found a runed translucent door.
  4625 | D:5      | Noticed Crazy Yiuf
  4632 | D:5      | Killed Crazy Yiuf
  4927 | D:6      | Found a radiant altar of Vehumet.
  4927 | D:6      | Noticed Duvessa
  4927 | D:6      | Noticed Dowan
  4945 | D:6      | Killed Duvessa
  4953 | D:6      | Noticed Dowan
  4953 | D:6      | Dowan changed into Dowan the ooze
  4954 | D:6      | Killed Dowan the ooze
  4965 | D:6      | Found a snail-covered altar of Cheibriados.
  5010 | D:6      | Reached * piety under Nemelex Xobeh
  5051 | D:6      | Reached XP level 9. HP: 68/68 MP: 10/10
  5108 | D:6      | Reached skill level 7 in Long Blades
  5146 | D:6      | Received a gift from Nemelex Xobeh
  5290 | D:6      | Found an opulent altar of Gozag.
  5474 | D:6      | Noticed Pikel
  5501 | D:6      | Killed Pikel
  5648 | D:6      | Reached ** piety under Nemelex Xobeh
  5723 | D:6      | Noticed Sigmund
  5725 | D:6      | Noticed Sigmund
  5725 | D:6      | Sigmund changed into Sigmund the killer bee
  5729 | D:6      | Killed Sigmund the killer bee
  5867 | D:7      | Reached skill level 8 in Long Blades
  5882 | D:7      | Found Falux's Antique Weapon Shop.
  5901 | D:7      | Bought a glowing long sword for 149 gold pieces
  6060 | D:7      | Found a shadowy altar of Dithmenos.
  6160 | D:7      | Found an iron altar of Okawaru.
  6353 | D:7      | Found a shadowy altar of Dithmenos.
  6353 | D:7      | Noticed a deep elf mage
  6358 | D:7      | Killed a deep elf mage
  6358 | D:7      | Reached skill level 9 in Long Blades
  6358 | D:7      | Reached skill level 5 in Invocations
  6358 | D:7      | Reached XP level 10. HP: 75/75 MP: 13/13
  6377 | D:7      | Received a gift from Nemelex Xobeh
  6758 | D:8      | Found Naatiocs's Assorted Antiques.
  6759 | D:8      | Reached *** piety under Nemelex Xobeh
  6780 | D:8      | Bought a bone ring for 115 gold pieces
  6877 | D:8      | Noticed Harold
  6899 | D:8      | Killed Harold
  7227 | D:8      | Reached skill level 10 in Long Blades
  7356 | D:9      | Found a staircase to the Lair.
  7356 | D:9      | Noticed a death yak
  7356 | D:9      | Noticed a death yak
  7357 | D:9      | Noticed a death yak
  7374 | D:8      | Killed a death yak
  7598 | D:9      | Reached XP level 11. HP: 73/84 MP: 16/16
  7610 | D:8      | Killed a death yak
  7610 | D:8      | Reached skill level 11 in Long Blades
  7713 | D:8      | Killed a death yak
  7860 | D:9      | Noticed Grum
  7877 | D:9      | Killed Grum
  8168 | D:9      | Found a staircase to the Orcish Mines.
  8172 | D:9      | Found a roughly hewn altar of Beogh.
  8322 | D:9      | Received a gift from Nemelex Xobeh
  8408 | D:10     | Entered Level 10 of the Dungeon
  8456 | D:10     | Reached **** piety under Nemelex Xobeh
  8480 | D:10     | Reached skill level 12 in Long Blades
  8612 | D:10     | Found a flagged portal.
  8612 | D:10     | Received a gift from Nemelex Xobeh
  8622 | Bailey   | Entered a bailey
  8634 | Bailey   | Noticed an orc knight
  8642 | Bailey   | Killed an orc knight
  8671 | Bailey   | Noticed an orc knight
  8671 | Bailey   | Noticed an orc knight
  8687 | Bailey   | Killed an orc knight
  8690 | Bailey   | Mangled by an orc warrior

Skill      XL: |  1  2  3  4  5  6  7  8  9 10 11 |
---------------+----------------------------------+-----
Shields        | 4 5 6 7 8 9 |  9.6
Long Blades    | 3 4 5 6 9 10 12 | 12.1
Fighting       | 4 5 7 8 |  8.8
Invocations    | 2 5 7 9 |  9.0
Armour         | |  3.2

Action                   |  1- 3 |  4- 6 |  7- 9 | 10-12 || total
-------------------------+-------+-------+-------+-------++-------
Melee: Long sword        |   113 |   154 |   276 |   338 ||   881
       Scimitar          |       |       |   137 |       ||   137
Invok: Triple Draw       |       |       |       |     1 ||     1
 Abil: Draw Destruction  |       |       |     4 |     3 ||     7
       Draw Summoning    |       |       |     2 |     3 ||     5
  Use: Scroll            |       |       |    14 |     7 ||    21
       Potion            |       |       |       |     1 ||     1
  Eat: Chunk             |       |     5 |    12 |     8 ||    25
       Ration            |       |     1 |     1 |     1 ||     3
Armor: Scale mail        |    27 |       |       |       ||    27
       Chain mail        |    23 |    82 |   142 |    93 ||   340
Dodge: Dodged            |    37 |    41 |   102 |    72 ||   252
Block: Shield            |    61 |    97 |   219 |   239 ||   616
       Rpst.: Long sword |    11 |     9 |    29 |    10 ||    59
       Scimitar          |       |       |    10 |       ||    10
